 Dungeon Crawl Stone Soup version 0.30.0-29-ga12c61a403 (webtiles) character file.

Game seed: 7289830207965127558

624 101zpm the Magician (level 7, -4/45 HPs)
             Began as a Djinni Fire Elementalist on June 12, 2023.
             Slain by Duvessa
             ... wielding a +0 short sword
              (10 damage)
             ... on level 4 of the Dungeon.
             The game lasted 00:08:08 (2994 turns).

101zpm the Magician (Djinni Fire Elementalist)      Turns: 2994, Time: 00:08:09

Health: -4/45      AC:  3    Str:  7    XL:     7   Next: 76%
Gold:   175        EV: 12    Int: 18    God:
                   SH:  0    Dex: 14

rFire   + + .        h - staff of air
rCold   x . .        (no shield)
rNeg    . . .        a - +0 robe
rPois   ∞            u - +0 helmet
rElec   +            (no cloak)
rCorr   .            (no gloves)
SInv    .            (boots unavailable)
Will    .....        (no amulet)
Stlth   ++           (no ring)
HPRegen 0.27/turn    (no ring)
MPRegen 0.00/turn

%: infuse magic (-5 HP)
@: flying
A: sickness immunity, fire resistance 2, cold vulnerability 1, float, innate
caster, HP casting, extra vitality 1
a: no special abilities


You were on level 4 of the Dungeon.
You visited 1 branch of the dungeon, and saw 4 of its levels.

You collected 175 gold pieces.

Inventory:

Missiles
 c - 2 throwing nets
Armour
 a - a +0 robe (worn)
 u - a +0 helmet (worn)
Magical Staves
 f - a staff of earth
 h - a staff of air (weapon)
Jewellery
 q - a ring of positive energy
Scrolls
 b - 5 scrolls of butterflies {unknown}
 d - a scroll of teleportation {unknown}
 g - 7 scrolls of identify {unknown}
 j - a scroll of poison {unknown}
 l - a scroll of noise {unknown}
 o - a scroll of vulnerability {unknown}
 p - a scroll of silence {unknown}
 s - a scroll of fear {unknown}
 t - a scroll of immolation {unknown}
Potions
 e - 3 potions of might {unknown}
 i - 4 potions of curing {unknown}
 k - 2 potions of degeneration {unknown}
 m - 3 potions of lignification {unknown}
 n - a potion of berserk rage {unknown}
 r - a potion of heal wounds {unknown}


   Skills:
 + Level 2.6 Dodging
 + Level 2.1 Stealth
 + Level 6.2 Spellcasting


You knew the following spells:

 Your Spells              Type           Power      Damage    Failure   Level
a - Foxfire               Conj/Fire      100%       2x1d9     1%          1
b - Scorch                Fire           56%        2d7       1%          2
c - Volatile Blastmotes   Fire/Tloc      56%        2d14      2%          3
d - Inner Flame           Hex/Fire       28%        N/A       2%          3
e - Flame Wave            Conj/Fire      28%        2d9       9%          4
f - Summon Small Mammal   Summ           100%       N/A       1%          1
g - Blink                 Tloc           56%        N/A       1%          2
h - Tukima's Dance        Hex            28%        N/A       2%          3
Your spell library was empty.

Dungeon Overview and Level Annotations

Branches:
Dungeon (4/15)
 Temple: D:4-7

Altars:

Shops:
D:4 (

Annotations:
D:4 Duvessa


Innate Abilities, Weirdness & Mutations

You are immune to sickness and miasma.
You are immune to poison.
Your flesh is very heat resistant. (rF++)
You are vulnerable to cold. (rC-)
You float through the air rather than walking.
You learn spells naturally, not from books.
Your magical power is your life essence.
You have superior vitality. (+4 MHP)


Message History

You conjure some foxfire!
* * * LOW HITPOINT WARNING * * *
Casting: Foxfire (safe; 1% risk of failure)
Press: ? - help, Q - select action, (/) - cycle Dir - look around, f - activate You conjure some foxfire!
* * * LOW HITPOINT WARNING * * *
Casting: Foxfire (safe; 1% risk of failure)
Confirm with . or Enter, or press ? or * to list all spells.
Flames lash Duvessa.
Flame seeps out of Duvessa.
Duvessa is lightly wounded.
Duvessa's fire resistance burns away.
* * * LOW HITPOINT WARNING * * *
The foxfire hits Duvessa but does no damage.
Duvessa is lightly wounded.
The foxfire hits Duvessa but does no damage.
Duvessa is lightly wounded.
The foxfire hits Duvessa but does no damage.
Duvessa is lightly wounded.
Duvessa is engulfed in blazing flames.
Flame seeps out of Duvessa.
The foxfire hits Duvessa!
Duvessa is burned terribly!
Flame seeps out of Duvessa.
Duvessa is moderately wounded.
Duvessa is engulfed in blazing flames.
Flame seeps out of Duvessa.
Casting: Foxfire (safe; 1% risk of failure)
Press: ? - help, Q - select action, (/) - cycle Dir - look around, f - activate You conjure some foxfire!
* * * LOW HITPOINT WARNING * * *
Duvessa closely misses you.
Your foxfire dissipates!
Duvessa is no longer more vulnerable to fire.
The foxfire hits Duvessa.
Flame seeps out of Duvessa.
Duvessa is severely wounded.
Duvessa is engulfed in blazing flames.
Flame seeps out of Duvessa.
Duvessa completely misses you.
Casting: Foxfire (safe; 1% risk of failure)
Press: ? - help, Q - select action, (/) - cycle Dir - look around, f - activate You conjure some foxfire!
* * * LOW HITPOINT WARNING * * *
Duvessa hits you with a +0 short sword!
You die...

......#... ...#.....# ..
..).....## #...... ..)
§.......####......
..).##))......#......
..).......#.........
#.......v.).......## .....
#....#e@........#.#####
...#
#...#○.v#.............. .
#..##
#..##..##..............
.##...#
#.....###.....#.#######
..#...# #....####..####..#
......## #......#..##
##..#
#....###...∩.....####...##
#.......######..##......#
##.....## #......###..#


You could see Duvessa (berserk, inner flame, ally target).

Vanquished Creatures
  Grinder (D:3)
  Sigmund (D:2)
  A dancing weapon (D:3)
  Dowan (D:4)
  A howler monkey (D:4)
  An orc priest (D:4)
  An orc wizard (D:4)
  3 adders
  5 worms
  2 dart slugs
  4 orcs
  A bat (D:1)
  An endoplasm (D:2)
  6 goblins
  8 hobgoblins
  6 kobolds
  3 quokkas
  6 ball pythons
  6 frilled lizards
  6 rats
64 creatures vanquished.

Vanquished Creatures (others)
  196 foxfires
196 creatures vanquished.

Grand Total: 260 creatures vanquished

Notes
Turn   | Place    | Note
-------+----------+-------------------------------------------
     0 | D:1      | 101zpm the Djinni Fire Elementalist began the quest for the
                  | Orb.
     0 | D:1      | 101zpm set off with the following spells memorised:
                  | Foxfire, Scorch, Volatile Blastmotes, Inner Flame, Flame
                  | Wave.
     0 | D:1      | Reached XP level 1. HP: 15/15 MP: 0/0
   126 | D:1      | Reached XP level 2. HP: 19/21 MP: 0/0
   318 | D:1      | Reached skill level 3 in Spellcasting
   611 | D:1      | Reached XP level 3. HP: 23/25 MP: 0/0
   611 | D:1      | Learned a level 1 spell: Summon Small Mammal
   928 | D:2      | Noticed Sigmund
   931 | D:2      | Killed Sigmund
   932 | D:2      | Reached skill level 4 in Spellcasting
   932 | D:2      | Reached XP level 4. HP: 20/31 MP: 0/0
   932 | D:2      | Reached XP level 5. HP: 22/35 MP: 0/0
   932 | D:2      | Learned a level 2 spell: Blink
   932 | D:2      | Reached XP level 6. HP: 25/40 MP: 0/0
  1052 | D:2      | Found a faded altar of an unknown god.
  2075 | D:3      | Noticed Grinder
  2079 | D:3      | Killed Grinder
  2080 | D:3      | Reached skill level 5 in Spellcasting
  2080 | D:3      | Reached XP level 7. HP: 37/45 MP: 0/0
  2080 | D:3      | Learned a level 3 spell: Tukima's Dance
  2177 | D:3      | Killed a +0 trident
  2848 | D:4      | Found Coalur's Weapon Emporium.
  2918 | D:4      | Noticed Dowan
  2925 | D:4      | Killed Dowan
  2926 | D:4      | Reached skill level 6 in Spellcasting
  2987 | D:4      | Noticed Duvessa
  2994 | D:4      | Slain by Duvessa

Illustrated notes

Levels and vault maps discovered:
D:1:      dpeg_arrival_rhombus, layout_basic
D:2:      layout_basic, chequers_ecumenical_altar_lobes, kennysheep_path_1,
          corexii_hall_statues_x, nrook_mini_vaults, uniq_sigmund
D:3:      layout_loops_cross, minmay_misc_feat_chi, chequers_jeans, st_stairs_2,
          minmay_misc_feat_pillars, minmay_misc_feat_rugged, uniq_grinder
D:4:      layout_layer_cave, serial_shops, shop, uniq_duvessa

Skill      XL: |  1  2  3  4  5  6  7 |
---------------+----------------------+-----
Spellcasting   | 3 4 5 6 |  6.2
Stealth        | 2 |  2.1
Dodging        | |  2.6

Action                     |  1- 3 |  4- 6 |  7- 9 || total
---------------------------+-------+-------+-------++-------
   Cast: Foxfire           |    56 |    29 |    40 ||   125
         Scorch            |     6 |    19 |     7 ||    32
         Inner Flame       |     1 |    14 |    17 ||    32
         Summon Small Mamm |       |    17 |     1 ||    18
         Tukima's Dance    |       |       |     2 ||     2
 Armour: Robe              |     1 |       |       ||     1
  Dodge: Dodged            |     2 |       |     2 ||     4
